 Dungeon Sprint DCSS version 0.31-a0-325-g067879e3d3 (webtiles) character file.

Game seed: 4298089317214340782

4 Conn the Firebug (level 1, 0/16 HPs)
             Began as an Octopode Fire Elementalist on July 18, 2023.
             Slain by a human (1 damage)
             ... in the Dungeon (Sprint III: "The Ten Rune Challenge").
             The game lasted 00:01:05 (109 turns).

Conn the Firebug (Octopode Fire Elementalist)        Turns: 109, Time: 00:01:06

Health: 0/16       AC:  1    Str:  7    XL:     1   Next: 60%
Magic:  4/4        EV: 13    Int: 17    God:
Gold:   0          SH:  0    Dex: 12    Spells: 4/5 levels left

rFire   . . .        (no weapon)
rCold   . . .        (no shield)
rNeg    . . .        (helmet restricted)
rPois   .            (no amulet)
rElec   .            (no ring)
rCorr   .            (no ring)
SInv    .            (no ring)
Will    .....        (no ring) Stlth
                     (no ring)
HPRegen 0.22/turn    (no ring)
MPRegen 0.09/turn    (no ring)
                     (no ring)

%: no teleportation
@: berserking, very quick
A: almost no armour, amphibious, 8 rings, camouflage 1, gelatinous body 1,
(nimble swimmer 1), tentacles
a: no special abilities


You were in the Dungeon.
You visited 1 branch

Inventory:

Scrolls
 f - a scroll of blinking
Potions
 a - 3 potions of magic
 b - a potion of curing
 c - a potion of heal wounds
 d - a potion of haste


   Skills:
 + Level 2.2 Dodging
 + Level 3.0 Stealth
 + Level 2.5 Spellcasting
 + Level 1.0 Conjurations
 + Level 3.7 Fire Magic


You had 4 spell levels left.
You knew the following spells:

 Your Spells              Type           Power      Damage    Failure   Level
a - Foxfire               Conj/Fire      40%        2x1d6     7%          1

Your spell library contained the following spells:

 Spells                   Type           Power      Damage    Failure   Level
 Scorch                   Fire           28%        2d6       6%          2
 Inner Flame              Hex/Fire       8%         N/A       26%         3
 Volatile Blastmotes      Fire/Tloc      16%        2d11      26%         3
 Flame Wave               Conj/Fire      10%        2d6       56%         4


Dungeon Overview and Level Annotations

Branches:
Dungeon (1/1)

Altars:

Annotations:
D Crazy Yiuf


Innate Abilities, Weirdness & Mutations

You cannot wear most types of armour.
You are amphibious.
You can wear up to eight rings at the same time.
Your skin changes colour to match your surroundings (Stealth+).
Your rubbery body absorbs attacks. (AC +1, EV +1)
((You are camouflaged when in or above water. (Stealth+)))
You have tentacles for arms and can constrict up to eight enemies at once.


Message History

A rat comes into view.
Casting: Foxfire (safe; 7% risk of failure)
Confirm with . or Enter, or press ? or * to list all spells.
You conjure some foxfire!
Unknown command.
Casting: Foxfire (safe; 7% risk of failure)
Confirm with . or Enter, or press ? or * to list all spells.
You don't have enough magic to cast this spell.
Unknown command.
The foxfire hits the rat.
You kill the rat!
Unknown command.
Your foxfire dissipates!
You start resting.
Magic restored.
Okay, then.
A human comes into view.
Crazy Yiuf the Enlightened comes into view.
He is wielding a +4 quarterstaff of chaos.
The human hits you. The human attacks as you move away! The human misses you.
A red film seems to cover your vision as you go berserk!
You feel yourself moving faster!
You feel mighty! The human barely misses you.
You tentacle-slap the human. You grab the human.
The human is lightly wounded.
You constrict the human. You barely miss the human.
The human is lightly wounded.
You constrict the human. The human hits you!
Ouch! That really hurt!
You bludgeon the human!
The human is heavily wounded.
You constrict the human. The human hits you.
* * * LOW HITPOINT WARNING * * *
You tentacle-slap the human. You squeeze the human.
The human is severely wounded.
You constrict the human. You barely miss the human.
The human is severely wounded.
You constrict the human. The human hits you.
You die...

▓▓▓▓▓▓▓▓▓
▓<..#[..####
▓...#..†...##
▓..##.......# .#
▓##.##§##...# .#
##.##.###..# ..#
▓#.####.##..# ...+
▓.###..##..##
#...# ▓#.....##.@#
#....#
###..##..p##p....#
##..##....#......#
#..###..##.#..g..#
#).# #..#####....#
▓▓▓▓ ▓▓▓▓ ▓▓▓▓▓


You could see a human.

Vanquished Creatures
  2 endoplasms (D)
  2 rats (D)
4 creatures vanquished.

Vanquished Creatures (others)
  10 foxfires (D)
10 creatures vanquished.

Grand Total: 14 creatures vanquished

Notes
Turn   | Place    | Note
-------+----------+-------------------------------------------
     0 | D        | Conn the Octopode Fire Elementalist began the quest for the
                  | Orb.
     0 | D        | Reached XP level 1. HP: 11/11 MP: 3/3
    97 | D        | Noticed Crazy Yiuf
   109 | D        | Slain by a human

Illustrated notes

Levels and vault maps discovered:
D:        dungeon_sprint_mu [sprint_mu_entry_cave, sprint_mu_temple_rooms,
          sprint_mu_d1_horrors, sprint_mu_d2_genie, sprint_mu_d3_branching,
          sprint_mu_orc_legion, sprint_mu_elf_gauntlet, sprint_mu_hive_nellie,
          sprint_mu_lair_fedhas, sprint_mu_vaults_butterflies,
          sprint_mu_slime_circle, sprint_mu_shoals_archi,
          sprint_mu_snake_twists, sprint_mu_blade_basic, sprint_mu_crypt_lich,
          sprint_mu_tomb_spiral, sprint_mu_vestibule_basic,
          sprint_mu_gehenna_hellfire, sprint_mu_dis_giant,
          sprint_mu_tartarus_statrot, sprint_mu_cocytus_islands, sprint_mu_zot1]

Skill      XL: |  1 |
---------------+----+-----
Stealth        | 3 |  3.0
Dodging        | |  2.2
Spellcasting   | |  2.5
Conjurations   | |  1.0
Fire Magic     | |  3.7

Action                     || total
---------------------------++-------
  Melee: Unarmed           ||     7
         Tentacles         ||     3
         Constrict         ||     2
   Cast: Foxfire           ||     5
    Use: Potion            ||     1
 Armour: Skin              ||     1
  Dodge: Dodged            ||     4

Table legend: (Time is in decaauts)
 A = Elapsed time spent in this place.
 B = Non-inter-level travel time spent in this place.
 C = Inter-level travel time spent in this place.
 D = Time resting spent in this place.
 E = Time spent auto-exploring this place.
 F = Levels seen in this place.
 G = Mean time per level.
                   A        B        C        D        E       F      G
               +--------+--------+--------+--------+--------+-----+--------+
         Total |    107 |    107 |      0 |     53 |      0 |   1 |  107.0 |
       Dungeon |    107 |    107 |      0 |     53 |      0 |   1 |  107.0 |
               +--------+--------+--------+--------+--------+-----+--------+

Top non-repeatable levels by time:
       D: 107 daAuts
